 Dungeon Crawl Stone Soup version 0.22-a0-422-g9628fc8 (webtiles) character file.

8320 Borgoz the Nimble (level 11, -1/94 HPs)
             Began as a Ghoul Gladiator on May 21, 2018.
             Was a Priest of Okawaru.
             Slain by a red ugly thing (22 damage)
             ... on level 11 of the Dungeon.
             The game lasted 00:38:24 (12321 turns).

Borgoz the Nimble (Ghoul Gladiator)                Turns: 12321, Time: 00:38:25

Health: -1/94      AC: 14    Str: 19    XL:     11   Next: 29%
Magic:  11/12      EV: 15    Int:  8    God:    Okawaru [***...]
Gold:   808        SH:  0    Dex: 13    Spells: 10/10 levels left

rFire    . . .     SeeInvis .     - Unarmed
rCold    + + .     Gourm    .   (no shield)
rNeg     + + +     Faith    +   y - +2 chain mail "Gusidedoa" {rC+}
rPois    ∞         Spirit   .   b - +0 helmet
rElec    +         Reflect  .   (no cloak)
rCorr    .         Harm     .   (no gloves)
MR       .....                  A - +0 pair of boots "Opebo" {rElec Int+5}
Stlth    ..........             w - amulet of faith
HPRegen  0.00/turn              C - ring of loudness (curse)
MPRegen  0.13/turn              r - -4 ring of protection (curse)

@: heroism, rotting
A: rotting body, claws 1, carnivore, cold resistance 1, negative energy
resistance 3, inhibited regeneration, torment resistance, unbreathing
a: Heroism, Renounce Religion


You were on level 11 of the Dungeon.
You worshipped Okawaru.
Okawaru was most pleased with you.
You were not hungry.

You visited 3 branches of the dungeon, and saw 15 of its levels.
You also visited: Ossuary.

You collected 808 gold pieces.

Inventory:

Hand Weapons
 s - a +3 dagger of chaos
Missiles
 c - 7 throwing nets (quivered)
Armour
 a - a +3 plate armour of cold resistance
 b - a +0 helmet (worn)
 y - the +2 chain mail "Gusidedoa" (worn) {rC+}
   (You found it on level 6 of the Dungeon)

   It protects you from cold.
 A - the +0 pair of boots "Opebo" (worn) {rElec Int+5}
   (You acquired it on level 8 of the Dungeon)

   It affects your intelligence (+5).
   It insulates you from electricity.
Jewellery
 e - an uncursed ring of wizardry
 m - an uncursed ring of poison resistance
 r - a cursed -4 ring of protection (right claw)
 w - an amulet of faith (around neck)
 x - a +3 ring of protection
 z - an uncursed ring of ice
 C - a cursed ring of loudness (left claw)
Scrolls
 i - 3 scrolls of enchant weapon
 k - a scroll of magic mapping
 o - 3 scrolls of enchant armour
 v - 6 scrolls of teleportation
 B - 2 scrolls of fog {unknown}
 D - 2 scrolls of amnesia
 E - 2 scrolls of remove curse
 F - 2 scrolls of blinking {unknown}
Potions
 f - 2 potions of cancellation
 g - a potion of resistance
 h - a potion of lignification
 l - 3 potions of haste
 n - 2 potions of ambrosia
 p - 2 potions of might
 q - 4 potions of curing
 t - 2 potions of agility
 u - a potion of brilliance
 G - a potion of invisibility
Comestibles
 d - 21 rations
 j - 3 chunks of flesh


   Skills:
 + Level 7.8(12.8) Fighting
 - Level 1.7(6.7) Throwing
 * Level 9.0(14.0) Armour
 * Level 9.5(14.5) Dodging
 + Level 8.3(13.3) Unarmed Combat
 + Level 3.0 Invocations


You had 10 spell levels left.
You didn't know any spells.
Your spell library was empty.

Dungeon Overview and Level Annotations

Branches:
Dungeon (12/15)            Temple (1/1) D:7            Lair (0/6) D:11
    Orc (2/2) D:10
    Elf: Orc:2

Altars:
Ashenzari
Cheibriados
Dithmenos
Elyvilon
Fedhas
Gozag
Hepliaklqana
Kikubaaqudgha
Makhleb
Nemelex Xobeh
Okawaru
Qazlal
Ru
Sif Muna
Trog
Uskayaw
Vehumet
Wu Jian
Xom
Yredelemnul
Zin
The Shining One
Beogh


Innate Abilities, Weirdness & Mutations

Your body is rotting away.
You thrive on raw meat.
You are immune to poison.
You have sharp fingernails.
You are carnivorous and can eat meat at any time.
Your flesh is cold resistant. (rC+)
You are immune to negative energy. (rN+++)
You do not regenerate when monsters are visible.
You are immune to unholy pain and torment.
You can survive without breathing.


Message History

The red ugly thing closely misses you.
You closely miss the red ugly thing.
The red ugly thing is almost dead.
The red ugly thing stings you.
You are engulfed in flames!
You barely miss the red ugly thing.
The red ugly thing is almost dead.
The red ugly thing stings you.
You are engulfed in flames!
You are too injured to fight recklessly!
You are too injured to fight recklessly!
You scratch the red ugly thing but do no damage.
The red ugly thing is almost dead.
The red ugly thing completely misses you.
You scratch the red ugly thing but do no damage.
The red ugly thing is almost dead.
You scratch the red ugly thing but do no damage.
The red ugly thing is almost dead.
The red ugly thing stings you!
* * * LOW HITPOINT WARNING * * *
You are engulfed in flames!!
You die...

#.........#
#.........#
+.........+
#.........#
#.........#
#.........#
#..{.>....# #u# #@##
#..# ##.####
####+###### #....#
#### ....<.....#
#####.####### #..>
..........#
#...........# #...
..........#
#...........# #...
..........#
###...........###...
..........#
#............()÷#...


You could see a red ugly thing.

Vanquished Creatures
  An ugly thing (D:11)
  A centaur zombie (D:11)
  A cyclops (D:11)
  Maurice (D:8)
  Psyche (D:8)
  A kobold demonologist (D:11)
  A hippogriff (D:10)
  Sigmund (D:3)
  A shadow (D:11)
  2 wyverns
  2 yaks (D:11)
  2 hungry ghosts
  A soldier ant (D:10)
  3 wargs
  Edmund (D:4)
  4 orc warriors
  2 sky beasts
  2 ice beasts
  2 necrophages
  2 phantoms
  9 ogres
  6 centaurs
  The ghost of TheNamelessOne the Insei, an amateur OpTm (D:3)
  A big kobold (D:8)
  A gnoll sergeant (D:9)
  3 bullfrogs
  2 scorpions (D:4)
  3 killer bees (D:10)
  An electric eel (D:6)
  4 crimson imps
  2 jellies
  2 bullfrog zombies
  4 hounds
  5 orc wizards
  5 orc priests
  2 bullfrog skeletons
  Natasha (thrice) (D:2)
  5 iguanas
  6 worker ants
  6 big kobold zombies (Ossuary)
  A mummy (Ossuary)
  8 gnolls
  6 adders
  An adder skeleton (D:4)
  3 worms
  3 dart slugs
  4 leopard geckos
  42 orcs
  3 spectral bats (Ossuary)
  A ball python (D:6)
  4 bats
  3 giant cockroaches
  9 goblins
  6 hobgoblins
  22 jackals
  4 quokkas
  3 bat simulacra (Ossuary)
  5 frilled lizards
  6 gnoll zombies (Ossuary)
  5 goblin simulacra (Ossuary)
  5 goblin zombies (Ossuary)
  6 hobgoblin zombies (Ossuary)
  9 kobolds
  5 kobold zombies (Ossuary)
  A leopard gecko zombie (D:5)
  An orc zombie (Ossuary)
  A quokka skeleton (D:8)
  5 rats
  4 rat simulacra (Ossuary)
  A spectral goblin (Ossuary)
  2 spectral kobolds (Ossuary)
  2 spectral rats (Ossuary)
284 creatures vanquished.

Vanquished Creatures (others)
  A hobgoblin zombie (Ossuary)
1 creature vanquished.

Grand Total: 285 creatures vanquished

Notes
Turn   | Place    | Note
-------+----------+-------------------------------------------
     0 | D:1      | Borgoz the Ghoul Gladiator began the quest for the Orb.
     0 | D:1      | Reached XP level 1. HP: 17/17 MP: 0/0
   124 | D:1      | Reached XP level 2. HP: 18/25 MP: 1/1
   338 | D:1      | Reached skill level 1 in Armour
   549 | D:1      | Reached XP level 3. HP: 25/29 MP: 2/2
   838 | D:2      | Noticed Natasha
   844 | D:2      | Killed Natasha
   844 | D:2      | Reached XP level 4. HP: 36/37 MP: 3/3
   855 | D:2      | Noticed Natasha
   874 | D:2      | Killed Natasha
  1278 | D:2      | Noticed Natasha
  1285 | D:2      | Killed Natasha
  1285 | D:2      | Reached XP level 5. HP: 27/45 MP: 4/4
  1736 | D:3      | Noticed TheNamelessOne's ghost (amateur OpTm)
  2161 | D:3      | Killed TheNamelessOne's ghost
  2161 | D:3      | Reached XP level 6. HP: 35/51 MP: 5/5
  2312 | D:3      | Noticed Sigmund
  2406 | D:4      | Noticed Edmund
  2413 | D:5      | Entered Level 5 of the Dungeon
  2464 | D:5      | Found a stormy altar of Qazlal.
  2473 | D:5      | Noticed an ice beast
  2491 | D:5      | Killed an ice beast
  2491 | D:5      | Reached XP level 7. HP: 20/58 MP: 6/6
  2937 | D:4      | Reached skill level 5 in Dodging
  3260 | D:4      | Found an opulent altar of Gozag.
  3478 | D:4      | Reached skill level 5 in Unarmed Combat
  3478 | D:4      | Reached XP level 8. HP: 64/66 MP: 7/7
  3667 | D:3      | Killed Sigmund
  4304 | D:4      | Killed Edmund
  4501 | D:5      | Reached skill level 5 in Armour
  5040 | D:5      | Reached skill level 5 in Fighting
  5483 | D:6      | Got a polished chain mail
  5494 | D:6      | Identified the +2 chain mail "Gusidedoa" {rC+} (You found it on level 6 of the Dungeon)
  6082 | D:7      | Reached XP level 9. HP: 49/73 MP: 8/8
  6183 | D:8      | Noticed Psyche
  6196 | D:8      | Killed Psyche
  6329 | D:8      | Found a sand-covered staircase.
  6339 | Ossuary  | Entered an ossuary
  7072 | D:8      | Noticed Maurice
  7075 | D:8      | Identified a scroll of acquirement
  7076 | D:8      | Got a pair of dazzling boots
  7088 | D:8      | Identified the +0 pair of boots "Opebo" {rElec Int+5} (You acquired it on level 8 of the Dungeon)
  7124 | D:8      | Killed Maurice
  7271 | D:8      | Found a burning altar of Makhleb.
  7273 | D:8      | Noticed a green death
  7277 | D:8      | Noticed a hellwing
  7528 | D:9      | Reached XP level 10. HP: 48/83 MP: 9/9
  7588 | D:10     | Entered Level 10 of the Dungeon
  8102 | D:5      | Found a shattered altar of Ashenzari.
  8102 | D:5      | Found a burning altar of Makhleb.
  8536 | D:7      | Found a staircase to the Ecumenical Temple.
  8545 | Temple   | Entered the Ecumenical Temple
  8745 | Temple   | Became a worshipper of Warmaster Okawaru
 10180 | D:9      | Found a roughly hewn altar of Beogh.
 10294 | D:10     | Found a staircase to the Orcish Mines.
 10773 | D:9      | Reached * piety under Okawaru
 11001 | D:11     | Found a staircase to the Lair.
 11019 | D:11     | Noticed a white ugly thing
 11119 | Orc:1    | Entered Level 1 of the Orcish Mines
 11146 | Orc:1    | Reached skill level 1 in Invocations
 11224 | Orc:2    | Entered Level 2 of the Orcish Mines
 11557 | D:10     | Reached ** piety under Okawaru
 11791 | D:11     | Noticed a cyclops
 11808 | D:11     | Killed a cyclops
 11808 | D:11     | Reached XP level 11. HP: 65/92 MP: 9/11
 12011 | D:12     | Noticed a cyclops
 12063 | D:11     | Noticed a soul eater
 12071 | D:11     | Noticed a soul eater
 12155 | D:11     | Killed a white ugly thing
 12155 | D:11     | Reached *** piety under Okawaru
 12300 | D:11     | Noticed a red ugly thing
 12321 | D:11     | Slain by a red ugly thing

Vault maps used:
D:1:      matt_arrival_grand_opening
D:2:      uniq_natasha
D:3:      uniq_sigmund
D:4:      grunt_gozag_statues, first_ration, uniq_edmund
D:5:      nicolae_overflow_hidden_temple, minivault_19, feat_on_display
D:6:      water_maze_lemuel
D:7:      lemuel_temple_firewalk_b
D:8:      chequers_ossuary_entry_cave, makhleb_altar_promises_db, uniq_psyche,
          uniq_maurice
D:10:     david_orc_3
D:11:     lair_entry_dummy
D:12:     hangedman_fish_farm, uniq_kirke
Temple:   regret_index_temple_mists
Orc:2:    grunt_orc_community_town_hall, grunt_orc_community_big_house_1,
          grunt_orc_community_big_house_1, grunt_orc_community_house_1,
          grunt_orc_community_house_2, grunt_orc_community_house_2,
          grunt_orc_community_house_1, grunt_orc_community_house_1, basic_altar,
          minmay_orc_temple_c, uniq_josephine
Ossuary:  ossuary_zaba_two_paths

Skill      XL: |  1  2  3  4  5  6  7  8  9 10 11 |
---------------+----------------------------------+-----
Dodging        | 3 4 5 6 7 9 |  9.5
Armour         | 1 2 3 4 5 7 8 9 |  9.0
Fighting       | 3 4 5 6 7 |  7.8
Unarmed Combat | 4 5 6 8 |  8.3
Invocations    | 2 3 |  3.0
Throwing       | |  1.7

Action                   |  1- 3 |  4- 6 |  7- 9 | 10-12 || total
-------------------------+-------+-------+-------+-------++-------
Melee: Unarmed           |    54 |   186 |   575 |   479 ||  1294
       Punch             |       |     3 |    12 |     9 ||    24
Throw: Throwing net      |       |       |     3 |       ||     3
Invok: Heroism           |       |       |       |     5 ||     5
Evoke: Wand              |       |       |     5 |     1 ||     6
  Use: Scroll            |       |     6 |     9 |     3 ||    18
       Potion            |       |       |     1 |     9 ||    10
  Eat: Chunk             |     1 |    11 |    30 |    54 ||    96
Armor: Ring mail         |    17 |    56 |    46 |       ||   119
       Chain mail        |       |       |   159 |   192 ||   351
       Plate armour      |       |       |    18 |       ||    18
       Scale mail        |       |       |     8 |       ||     8
Dodge: Dodged            |    30 |   118 |   232 |   286 ||   666

Table legend:
 A = Spawn XP
 B = Non-spawn XP
 C = Spawn XP percentage of total XP
 D = Spawn monster count
 E = Non-spawn monster count
 F = Spawn count percentage of total count
 G = Total turns spent on level
                    A         B        C        D         E        F      G
               +---------+---------+-------+---------+---------+-------+---------
         Total |       0 |   11887 |   0.0 |       0 |     284 |   0.0 | 12321
               +---------+---------+-------+---------+---------+-------+---------
           D:1 |       0 |      35 |   0.0 |       0 |      18 |   0.0 |   678
           D:2 |       0 |     183 |   0.0 |       0 |      28 |   0.0 |  1196
           D:3 |       0 |     400 |   0.0 |       0 |      15 |   0.0 |   914
           D:4 |       0 |     553 |   0.0 |       0 |      20 |   0.0 |  1211
           D:5 |       0 |    1042 |   0.0 |       0 |      24 |   0.0 |  1495
           D:6 |       0 |     163 |   0.0 |       0 |       8 |   0.0 |   804
           D:7 |       0 |    1014 |   0.0 |       0 |      24 |   0.0 |  1085
           D:8 |       0 |    1677 |   0.0 |       0 |      15 |   0.0 |  1124
           D:9 |       0 |    1247 |   0.0 |       0 |      37 |   0.0 |  1242
          D:10 |       0 |    1458 |   0.0 |       0 |      22 |   0.0 |  1133
          D:11 |       0 |    3433 |   0.0 |       0 |      20 |   0.0 |   601
         Orc:1 |       0 |     456 |   0.0 |       0 |       3 |   0.0 |   131
       Ossuary |       0 |     226 |   0.0 |       0 |      50 |   0.0 |   489
               +---------+---------+-------+---------+---------+-------+---------
